 Dungeon Crawl Stone Soup version 0.27-a0-1081-ge8a0a9c698 (webtiles) character file.

Game seed: 15103347082772768030

323 tardwrangler69 the Digger (level 6, -8/36 HPs)
             Began as an Octopode Earth Elementalist on Apr 25, 2021.
             Mangled by a water moccasin (9 damage)
             ... on level 4 of the Dungeon.
             The game lasted 00:04:03 (5687 turns).

tardwrangler69 the Digger (OpEE)                    Turns: 5687, Time: 00:04:03

Health: -8/36      AC:  1    Str:  8    XL:     6   Next: 47%
Magic:  5/11       EV: 12    Int: 19    God:
Gold:   168        SH:  4    Dex: 12    Spells: 11/12 levels left

rFire    . . .     SeeInvis .   f - +1 dagger (protect)
rCold    . . .     Faith    .   g - +0 buckler
rNeg     . . .     Spirit   .   (helmet restricted)
rPois    .         Reflect  .   (no amulet)
rElec    .         Harm     .   (no ring)
rCorr    .         Rampage  .   (no ring)
Will     .....                  (no ring)
Stlth    +++.......             (no ring)
HPRegen  0.12/turn              (no ring)
MPRegen  0.12/turn              (no ring)
                                (no ring)
                                (no ring)

@: no status effects
A: almost no armour, amphibious, 8 rings, camouflage 1, gelatinous body 1,
(nimble swimmer 1), tentacles
a: no special abilities


You were on level 4 of the Dungeon.
You visited 1 branch of the dungeon, and saw 4 of its levels.

You collected 168 gold pieces.

Inventory:

Hand Weapons
 f - a +1 dagger of protection (weapon)
Missiles
 b - 37 stones
Armour
 g - a +0 buckler (worn)
Jewellery
 n - a ring of flight
Scrolls
 a - 3 scrolls of identify {unknown}
 e - a scroll of blinking {unknown}
 h - a scroll of enchant armour {unknown}
 k - 3 scrolls of teleportation {unknown}
 m - a scroll of fog {unknown}
 o - a scroll of fear {unknown}
Potions
 c - a potion of magic {unknown}
 d - 4 potions of flight {unknown}
 i - a potion of lignification {unknown}
 j - a potion of heal wounds {unknown}
 l - a potion of might {unknown}
 p - 2 potions of curing {unknown}


   Skills:
 - Level 2.0 Dodging
 - Level 2.6 Stealth
 + Level 2.2 Shields
 + Level 3.5 Spellcasting
 - Level 1.0 Transmutations
 * Level 5.6 Earth Magic


You had 11 spell levels left.
You knew the following spells:

 Your Spells              Type           Power      Damage    Failure   Level
a - Sandblast             Erth           48%        2d12      1%          1

Your spell library contained the following spells:

 Spells                   Type           Power      Damage    Failure   Level
 Passwall                 Tmut/Erth      13%        N/A       7%          2
 Stone Arrow              Conj/Erth      28%        3d8       17%         3
 Petrify                  Tmut/Erth      16%        N/A       41%         4
 Lee's Rapid Deconstruct  Erth           12%        3d9*      43%         5


Dungeon Overview and Level Annotations

Branches:
Dungeon (4/15)
 Temple: D:4-7

Altars:


Innate Abilities, Weirdness & Mutations

You cannot wear most types of armour.
You are amphibious.
You can wear up to eight rings at the same time.
Your skin changes colour to match your surroundings (Stealth+).
Your rubbery body absorbs attacks. (AC +1, EV +1)
((You are camouflaged near water. (Stealth+)))
You have tentacles for arms and can constrict up to eight enemies at once.


Message History

You constrict the water moccasin. You block the water moccasin's attack.
The necrophage closely misses you. The water moccasin misses you.
You release your grip on the water moccasin.
Casting: Sandblast (safe; 1% risk of failure)
Confirm with . or Enter, or press ? or * to list all spells.
Aiming: Sandblast (safe; 1% risk of failure)
Press: ? - help, Shift-Dir - straight line, f - necrophage
Aim: a necrophage (81% to hit)
The blast of sand hits the necrophage!
The necrophage is heavily damaged.
The water moccasin misses you. The necrophage hits you!
You feel drained.
Casting: Sandblast (safe; 1% risk of failure)
Confirm with . or Enter, or press ? or * to list all spells.
Aiming: Sandblast (safe; 1% risk of failure)
Press: ? - help, Shift-Dir - straight line, f/p - necrophage
Aim: a necrophage (heavily damaged, 81% to hit)
The blast of sand hits the necrophage!
The necrophage is almost destroyed.
You block the water moccasin's attack. The necrophage hits you.
You feel drained.
The water moccasin bites you but does no damage.
Casting: Sandblast (safe; 1% risk of failure)
Confirm with . or Enter, or press ? or * to list all spells.
Aiming: Sandblast (safe; 1% risk of failure)
Press: ? - help, Shift-Dir - straight line, f/p - necrophage
Aim: a necrophage (almost destroyed, 81% to hit)
The blast of sand hits the necrophage!
You destroy the necrophage!
The water moccasin barely misses you. The orc hits you with a +0 falchion!
Your life force feels restored.
Your Shields skill increases to level 2!
Casting: Sandblast (safe; 1% risk of failure)
Confirm with . or Enter, or press ? or * to list all spells.
Aiming: Sandblast (safe; 1% risk of failure)
Press: ? - help, Shift-Dir - straight line, f - orc
Aim: an orc, wielding a +0 falchion (81% to hit)
The blast of sand misses the orc.
The water moccasin bites you!
* * * LOW HITPOINT WARNING * * *
The water moccasin bites you!
You die...

#.............#.#
#.##.#..#.##.## #
#.#..#....# #
#......##.##.##.#
###..#..........#
...####.#######
###.........#
#######...#####
#@#.....##
#So.......
#h.#.###.#
#...... #..#.###.
##.#.#$#.# #.# ##
.# #.. ... . #.#
##.


You could see a water moccasin, a hound and an orc.

Vanquished Creatures
  A necrophage (D:4)
  Natasha (thrice) (D:2)
  Robin (D:3)
  4 adders
  A gnoll (D:1)
  A worm (D:2)
  5 dart slugs
  3 orcs
  9 endoplasms
  4 giant cockroaches
  18 goblins
  11 hobgoblins
  2 quokkas
  5 ball pythons
  3 bats
  5 frilled lizards
  6 kobolds
  5 rats
  2 bushes (D:3)
89 creatures vanquished.

Vanquished Creatures (others)
  10 plants
  5 toadstools (D:1)
15 creatures vanquished.

Grand Total: 104 creatures vanquished

Notes
Turn   | Place    | Note
-------+----------+-------------------------------------------
     0 | D:1      | tardwrangler69 the Octopode Earth Elementalist began the
                  | quest for the Orb.
     0 | D:1      | Reached XP level 1. HP: 11/11 MP: 3/3
    94 | D:1      | Reached XP level 2. HP: 17/17 MP: 0/5
   412 | D:1      | Reached XP level 3. HP: 21/21 MP: 6/6
   838 | D:1      | Reached skill level 4 in Earth Magic
  1635 | D:2      | Reached XP level 4. HP: 26/27 MP: 8/8
  1646 | D:2      | Noticed Natasha
  1652 | D:2      | Killed Natasha
  1893 | D:2      | Reached skill level 1 in Shields
  2073 | D:2      | Reached XP level 5. HP: 31/31 MP: 7/9
  2618 | D:2      | Noticed Natasha
  2628 | D:2      | Killed Natasha
  2911 | D:2      | Noticed Natasha
  2917 | D:2      | Killed Natasha
  2918 | D:2      | Reached skill level 5 in Earth Magic
  3418 | D:3      | Noticed Robin
  3895 | D:3      | Killed Robin
  4337 | D:3      | Found a faded altar of an unknown god.
  5650 | D:4      | Reached XP level 6. HP: 36/36 MP: 10/10
  5673 | D:4      | Noticed a necrophage
  5673 | D:4      | Noticed a water moccasin
  5686 | D:4      | Killed a necrophage
  5687 | D:4      | HP: 1/36 [water moccasin (10)]
  5687 | D:4      | Mangled by a water moccasin

Illustrated notes

Levels and vault maps discovered:
D:1:      ldierk_walled_garden, layout_basic
D:2:      wad_lake_hut, layout_basic, uniq_natasha
D:3:      layout_rooms, serial_forest, infiniplex_forest_fountain,
          infiniplex_forest_corner_1, infiniplex_forest_lined_room_3,
          infiniplex_forest_end_2, infiniplex_forest_side_room,
          infiniplex_forest_lined_ring, infiniplex_forest_lined_4_way,
          hellmonk_ecumenical_altar_lost_god, hex_medium, wad_rectangle_vault,
          uniq_robin
D:4:      layout_loops_cross, nicolae_ossuary_entry_plus, minmay_surrounded,
          uniq_duvessa

Skill      XL: |  1  2  3  4  5  6 |
---------------+-------------------+-----
Earth Magic    | 4 5 |  5.6
Shields        | 1 2 |  2.2
Spellcasting   | 3 |  3.5
Dodging        | |  2.0
Stealth        | |  2.6
Transmutations | |  1.0

Action                   |  1- 3 |  4- 6 || total
-------------------------+-------+-------++-------
Melee: Unarmed           |    20 |       ||    20
       Constrict         |    12 |    15 ||    27
       Tentacles         |     6 |   137 ||   143
       Dagger            |    36 |   584 ||   620
 Cast: Sandblast         |    19 |    49 ||    68
 Stab: Sleeping          |     9 |     9 ||    18
Armor: Skin              |     1 |    12 ||    13
Dodge: Dodged            |    24 |    58 ||    82
Block: Buckler           |       |    11 ||    11

Table legend: (Time is in decaauts)
 A = Elapsed time spent in this place.
 B = Non-inter-level travel time spent in this place.
 C = Inter-level travel time spent in this place.
 D = Time resting spent in this place.
 E = Time spent auto-exploring this place.
 F = Levels seen in this place.
 G = Mean time per level.
                   A        B        C        D        E       F      G
               +--------+--------+--------+--------+--------+-----+--------+
         Total |   5716 |   5564 |    152 |    190 |   4262 |   4 | 1429.0 |
       Dungeon |   5716 |   5564 |    152 |    190 |   4262 |   4 | 1429.0 |
               +--------+--------+--------+--------+--------+-----+--------+

Top non-repeatable levels by time:
     D:2: 2659 daAuts
     D:3: 1598 daAuts
     D:1: 1415 daAuts
     D:4: 43 daAuts
